 Dungeon Crawl Stone Soup version 0.22-a0-605-g9281fa2 (webtiles) character file.

121 Hebeh the Magician (level 4, -5/24 HPs)
             Began as a Deep Elf Fire Elementalist on July 8, 2018.
             Slain by a worm (11 damage)
             ... on level 2 of the Dungeon.
             The game lasted 00:07:48 (1533 turns).

Hebeh the Magician (Deep Elf Fire Elementalist)     Turns: 1533, Time: 00:07:49

Health: -5/24      AC:  2    Str:  5    XL:     4   Next: 76%
Magic:  2/12       EV: 13    Int: 21    God:
Gold:   68         SH:  0    Dex: 15    Spells: 8/11 levels left

rFire    + . .     SeeInvis .   d - +0 dagger (curse)
rCold    x . .     Gourm    .   (no shield)
rNeg     . . .     Faith    .   a - +0 robe
rPois    .         Spirit   .   (no helmet)
rElec    .         Reflect  .   (no cloak)
rCorr    .         Harm     .   (no gloves)
MR       .....                  (no boots)
Stlth    ++........             h - amulet of the acrobat
HPRegen  0.08/turn              i - ring of fire
MPRegen  0.13/turn              (no ring)

@: no status effects
A: no striking features
a: no special abilities


You were on level 2 of the Dungeon.
You were not hungry.

You visited 1 branch of the dungeon, and saw 2 of its levels.

You collected 68 gold pieces.

Inventory:

Hand Weapons
 d - a cursed +0 dagger (weapon)
 m - a +1 short sword of electrocution
Missiles
 g - 4 tomahawks (quivered)
 j - 3 stones
Armour
 a - a +0 robe (worn)
Jewellery
 h - an amulet of the acrobat (around neck)
 i - a ring of fire (left hand)
Scrolls
 b - a scroll of amnesia
Potions
 e - 2 potions of brilliance {unknown}
 f - 2 potions of curing {unknown}
Comestibles
 c - 2 rations
 k - 3 chunks of flesh


   Skills:
 - Level 2.4 Dodging
 + Level 3.2 Stealth
 * Level 4.4 Spellcasting
 * Level 2.8 Conjurations
 * Level 4.3 Fire Magic


You had 8 spell levels left.
You knew the following spells:

 Your Spells              Type           Power        Failure   Level  Hunger
a - Flame Tongue          Conj/Fire      ####.        2%          1    None
b - Throw Flame           Conj/Fire      ####..       4%          2    #......

Your spell library contained the following spells:

 Spells                   Type           Power        Failure   Level  Hunger
 Fireball                 Conj/Fire      ####......   58%         5    ######.
 Conjure Flame            Conj/Fire      ####....     9%          3    ##.....
 Sticky Flame             Conj/Fire      ####....     26%         4    ####...
 Inner Flame              Hex/Fire       ###.....     14%         3    ##.....


Dungeon Overview and Level Annotations

Branches:
Dungeon (2/15)

Altars:


Message History

The worm closely misses you.
You completely miss the worm.
The worm is severely wounded.
A gnoll comes into view. It is wielding a spear.
The worm bites you!
You barely miss the worm.
The worm is severely wounded.
You hit the worm but do no damage.
The worm is severely wounded.
The worm bites you.
* * * LOW HITPOINT WARNING * * *
You hit the worm.
The worm is severely wounded.
You hit the worm but do no damage.
The worm is severely wounded.
The worm barely misses you.
You hit the worm but do no damage.
The worm is severely wounded.
The worm bites you!
You die...

#######..........
#..........
########.##......
.......#.##......
.............###
........#[#.##
........#.#.#
........#.w.#
........##@†#
..................
.......####.###...
....... .. . >##
.# .# .#


You could see a worm.

Vanquished Creatures
  Jessica (D:2)
  Natasha (D:2)
  A gnoll (D:2)
  2 oozes (D:1)
  2 worms (D:2)
  5 dart slugs
  A leopard gecko (D:2)
  3 giant cockroaches
  5 goblins
  3 hobgoblins
  3 kobolds (D:1)
  A quokka (D:2)
  3 bats
  2 frilled lizards (D:2)
  6 rats
39 creatures vanquished.

Notes
Turn   | Place    | Note
-------+----------+-------------------------------------------
     0 | D:1      | Hebeh the Deep Elf Fire Elementalist began the quest for the Orb.
     0 | D:1      | Reached XP level 1. HP: 10/10 MP: 6/6
    46 | D:1      | Reached XP level 2. HP: 15/15 MP: 4/8
   319 | D:1      | Learned a level 2 spell: Throw Flame
   654 | D:1      | Reached XP level 3. HP: 19/19 MP: 7/10
  1122 | D:2      | Noticed Natasha
  1126 | D:2      | Killed Natasha
  1126 | D:2      | Reached XP level 4. HP: 17/24 MP: 6/12
  1373 | D:2      | Noticed Jessica
  1374 | D:2      | Killed Jessica
  1533 | D:2      | Slain by a worm

Vault maps used:
D:1:      lemuel_arrival_broad_hall
D:2:      elyvilon_altar_1, uniq_jessica, uniq_natasha

Skill      XL: |  1  2  3 |
---------------+----------+-----
Conjurations   | 2 |  2.8
Stealth        | 3 |  3.2
Spellcasting   | 4 |  4.4
Fire Magic     | 4 |  4.3
Dodging        | |  2.4

Action                   |  1- 3 |  4- 6 || total
-------------------------+-------+-------++-------
Melee: Dagger            |       |     9 ||     9
Throw: Tomahawk          |     1 |       ||     1
 Cast: Flame Tongue      |    36 |    10 ||    46
       Throw Flame       |    14 |    15 ||    29
  Use: Scroll            |     3 |       ||     3
  Eat: Chunk             |     1 |     1 ||     2
Armor: Robe              |     1 |       ||     1
Dodge: Dodged            |     6 |     6 ||    12

Table legend:
 A = Spawn XP
 B = Non-spawn XP
 C = Spawn XP percentage of total XP
 D = Spawn monster count
 E = Non-spawn monster count
 F = Spawn count percentage of total count
 G = Total turns spent on level
                    A         B        C        D         E        F      G
               +---------+---------+-------+---------+---------+-------+---------
         Total |       0 |     173 |   0.0 |       0 |      39 |   0.0 |  1533
               +---------+---------+-------+---------+---------+-------+---------
           D:1 |       0 |      47 |   0.0 |       0 |      19 |   0.0 |   859
           D:2 |       0 |     126 |   0.0 |       0 |      20 |   0.0 |   674
               +---------+---------+-------+---------+---------+-------+---------
